 Dungeon Crawl Stone Soup version 0.18.1-5-g4a78601 (webtiles) character file.

612 Chaotic the Reanimator (level 7, -2/55 HPs)
             Began as a Deep Dwarf Necromancer on May 13, 2016.
             Killed by divine providence
             ... invoked by an orc priest
              (8 damage)
             ... on level 6 of the Dungeon.
             The game lasted 00:19:38 (5174 turns).

Chaotic the Reanimator (Deep Dwarf Necromancer)     Turns: 5174, Time: 00:19:39

Health: -2/55      AC: 11    Str: 14    XL:     7   Next: 20%
Magic:  1/12       EV: 12    Int: 17    God:
Gold:   91         SH:  0    Dex: 12    Spells: 3 memorised, 4 levels left

rFire  . . .     SeeInvis .     h - +1 dagger
rCold  . . .     Gourm    .     a - +0 robe
rNeg   . . .     Faith    .     (no shield)
rPois  .         Spirit   .     (no helmet)
rElec  .         Dismiss  .     (no cloak)
rCorr  .         Reflect  .     (no gloves)
SustAt .         Harm     .     f - +0 pair of boots
MR     +....                    (no amulet)
Stlth  ++........               (no ring)
                                (no ring)

@: non-regenerating, somewhat resistant to hostile enchantments, unstealthy
A: damage resistance, recharge devices, iridescent scales 1, rough black scales
1, sense surroundings 1, slow regeneration 3, strong 1
a: Device Recharging


You were on level 6 of the Dungeon.
You were hungry.

You visited 1 branch of the dungeon, and saw 6 of its levels.
You also visited: Sewer.

You collected 91 gold pieces.

Inventory:

Hand Weapons
 h - a +1 dagger (weapon)
Armour
 a - a +0 robe (worn)
 f - a +0 pair of boots (worn)
Jewellery
 j - a cursed ring of teleportation {unknown}
 r - a +4 ring of strength {unknown}
 s - a +2 ring of evasion {unknown}
 t - a cursed ring of teleportation {unknown}
Wands
 c - a wand of heal wounds (3/9)
 w - a wand of confusion (28/48)
Scrolls
 e - 5 scrolls of identify {unknown}
 i - a scroll of teleportation
 k - a scroll of amnesia
 n - 2 scrolls of remove curse
 y - 2 scrolls of blinking {unknown}
Potions
 g - a potion of resistance {unknown}
 m - a potion of brilliance {unknown}
 p - a potion of curing {unknown}
 q - a potion of degeneration {unknown}
 u - a potion of mutation {unknown}
 v - a potion of lignification {unknown}
 x - a potion of agility {unknown}
 z - a potion of heal wounds {unknown}
 A - 2 potions of berserk rage {unknown}
Books
 b - a book of Necromancy

   Spells                             Type                      Level
   a - Pain                           Necromancy                   1
   b - Animate Skeleton               Necromancy                   1
   c - Vampiric Draining              Necromancy                   3
   d - Regeneration                   Charms/Necromancy            3
   e - Animate Dead                   Necromancy                   4
   f - Control Undead                 Necromancy                   4
Comestibles
 d - a bread ration
 l - 4 meat rations
 B - a fruit


   Skills:
 - Level 0.1 Fighting
 - Level 2.6 Dodging
 - Level 2.5 Stealth
 - Level 3.4 Spellcasting
 + Level 8.6 Necromancy


You had 4 spell levels left.
You knew the following spells:

 Your Spells              Type           Power        Failure   Level  Hunger
a - Pain                  Necr           ####         1%          1    None
b - Vampiric Draining     Necr           ####......   1%          3    ###....
c - Animate Dead          Necr           N/A          6%          4    ####...


Dungeon Overview and Level Annotations

Branches:
Dungeon (6/15)
 Temple: D:4-7

Altars:
Pakellas

Annotations:
D:4 shmeve's ghost, amateur MiBe


Innate Abilities, Weirdness & Mutations

You are resistant to damage.
You can recharge devices by infusing magical energy.
You passively map a small area around you.
You do not regenerate naturally.
You are partially covered in iridescent scales (AC +4).
You are partially covered in rough black scales (AC +4, Dex -1).
Your muscles are strong. (Str +2)


Message History

The ice beast misses you.
An ogre comes into view. It is wielding a giant club.
The ice beast completely misses you.
The orc shouts!
The ice beast hits you but does no damage.
Casting: Pain
Confirm with . or Enter, or press ? or * to list all spells.
Aiming: Pain
Press: ? - help, Shift-Dir - straight line, f - ice beast
Aim: an ice beast (chance to defeat MR: 84%)
The ice beast convulses in agony!
The ogre shouts!
The ice beast hits you but does no damage.
An orc priest comes into view. It is wielding a dagger.
An orc comes into view. It is wielding a dagger. x2
The orc closely misses you.
The orc priest shouts!
The orc shouts!
The orc priest mumbles some strange prayers to Beogh against you.
Beogh smites you!
You die...

########## ,
...o.....# , ,
...o.....# ,
.....o...######
#..##... *
#O.@......###..#....
#.o.#####.........##
###Y# * #.......#.
#.## #.....[...
#..## #.........
##..#####....#..#. *
##..†...........$
#######....#..## ,
#....#..##


You could see an ice beast, an ogre, an orc priest and 3 orcs.

Vanquished Creatures
  A sky beast (D:3)
  A necrophage (D:3)
  2 scorpions
  A hound (D:5)
  2 orc priests
  A worker ant (D:5)
  8 adders
  2 dart slugs
  A giant gecko (D:3)
  3 orcs
  4 ball pythons
  5 giant cockroaches
  12 goblins
  12 hobgoblins
  8 jackals
  7 kobolds
  3 quokkas
  8 bats
  6 giant newts
  6 rats
93 creatures vanquished.

Vanquished Creatures (collateral kills)
  A necrophage (D:5)
  A rat (D:3)
2 creatures vanquished.

Grand Total: 95 creatures vanquished

Notes
Turn   | Place    | Note
--------------------------------------------------------------
     0 | D:1      | Chaotic the Deep Dwarf Necromancer began the quest for the Orb.
     0 | D:1      | Reached XP level 1. HP: 15/15 MP: 3/3
   353 | D:1      | Reached XP level 2. HP: 22/22 MP: 1/5
  1126 | D:1      | Reached XP level 3. HP: 21/28 MP: 4/6
  1131 | D:1      | Learned a level 3 spell: Vampiric Draining
  1458 | D:2      | Found an oddly glowing altar of Pakellas.
  2181 | D:2      | Reached XP level 4. HP: 27/36 MP: 2/8
  2300 | D:2      | Reached skill level 5 in Necromancy
  3033 | D:3      | Learned a level 4 spell: Animate Dead
  3043 | D:3      | Noticed a necrophage
  3055 | D:4      | Noticed shmeve's ghost (amateur MiBe)
  3080 | D:3      | Found a glowing drain.
  3087 | Sewer    | Entered a sewer
  3381 | D:3      | Killed a necrophage
  3381 | D:3      | Reached skill level 6 in Necromancy
  3381 | D:3      | Reached XP level 5. HP: 8/39 MP: 10/10
  4207 | D:3      | Reached XP level 6. HP: 31/49 MP: 2/11
  4220 | D:3      | Reached skill level 7 in Necromancy
  4435 | D:3      | Noticed a sky beast
  4443 | D:3      | Killed a sky beast
  4449 | D:3      | Gained mutation: You are partially covered in rough black scales (AC +4, Dex -1). [mutagenic meat]
  4450 | D:3      | Gained mutation: You are partially covered in iridescent scales (AC +4). [mutagenic meat]
  4451 | D:3      | Gained mutation: Your muscles are strong. (Str +2) [mutagenic meat]
  4619 | D:5      | Entered Level 5 of the Dungeon
  4796 | D:5      | Reached skill level 8 in Necromancy
  4796 | D:5      | Reached XP level 7. HP: 19/55 MP: 2/12
  5174 | D:6      | Killed from afar by an orc priest

Skill      XL: |  1  2  3  4  5  6 |
---------------+-------------------+-----
Spellcasting   | 2 3 |  3.4
Necromancy     | 6 8 |  8.6
Fighting       | |  0.1
Dodging        | |  2.6
Stealth        | |  2.5

Action                   |  1- 3 |  4- 6 |  7- 9 || total
-------------------------+-------+-------+-------++-------
Melee: Unarmed           |     5 |       |       ||     5
       Dagger            |    20 |    83 |       ||   103
 Cast: Pain              |    66 |    88 |    19 ||   173
       Vampiric Draining |     2 |       |       ||     2
       Animate Dead      |       |    11 |     3 ||    14
Evoke: Wand              |       |     2 |       ||     2
  Use: Scroll            |       |     8 |       ||     8
  Eat: Chunk             |     5 |     8 |     2 ||    15
       Bread ration      |       |     1 |       ||     1
       Fruit             |       |       |     1 ||     1
Armor: Robe              |     8 |    26 |    19 ||    53
Dodge: Dodged            |    28 |    97 |    18 ||   143
